 Dungeon Crawl Stone Soup version 0.18.1-48-g4cf74bf (webtiles) character file.

101 sdOOK the Ruffian (level 4, -5/45 HPs)
             Began as a Troll Berserker on Aug 27, 2016.
             Was a Believer of Trog.
             Slain by a gnoll
             ... wielding a +0 halberd
              (9 damage)
             ... on level 2 of the Dungeon.
             The game lasted 00:07:32 (1880 turns).

sdOOK the Ruffian (Troll Berserker)                 Turns: 1880, Time: 00:07:33

Health: -5/45      AC:  5    Str: 26    XL:     4   Next: 48%
Magic:  3/3        EV: 10    Int:  3    God:    Trog [**....]
Gold:   25         SH:  0    Dex:  9    Spells: 0 memorised, 3 levels left

rFire  . . .     SeeInvis .       - Unarmed
rCold  . . .     Gourm    +     a - +0 animal skin
rNeg   . . .     Faith    .     (no shield)
rPois  .         Spirit   .     (helmet restricted)
rElec  .         Dismiss  .     (no cloak)
rCorr  .         Reflect  .     (gloves unavailable)
SustAt .         Harm     .     (boots unavailable)
MR     ++...                    (no amulet)
Stlth  +.........               (no ring)
                                (no ring)

@: regenerating, hasted, very quick, very resistant to hostile enchantments,
very unstealthy
A: unfitting armour, claws 3, fast metabolism 3, gourmand, regeneration 2,
shaggy fur 1, tough skin 2
a: Berserk, Trog's Hand, Burn Spellbooks, Renounce Religion


You were on level 2 of the Dungeon.
You worshipped Trog.
Trog was pleased with you.
You were not hungry.

You visited 1 branch of the dungeon, and saw 2 of its levels.

You collected 25 gold pieces.

Inventory:

Armour
 a - a +0 animal skin (worn)
Jewellery
 g - a +2 ring of strength {unknown}
Scrolls
 h - 2 scrolls of immolation {unknown}
 i - a scroll of identify {unknown}
 j - a scroll of enchant weapon {unknown}
 k - a scroll of enchant armour {unknown}
 n - a scroll of noise {unknown}
Potions
 d - a potion of magic {unknown}
 l - a potion of brilliance {unknown}
 m - a potion of heal wounds {unknown}
 p - a potion of lignification {unknown}
 q - a potion of mutation {unknown}
 r - a potion of cure mutation {unknown}
Comestibles
 b - a bread ration
 o - a meat ration


   Skills:
 + Level 3.2 Fighting
 + Level 3.0 Dodging
 + Level 0.3 Stealth
 + Level 3.9 Unarmed Combat


You had 3 spell levels left.
You didn't know any spells.

Dungeon Overview and Level Annotations

Branches:
Dungeon (2/15)

Altars:


Innate Abilities, Weirdness & Mutations

You are too large for most types of armour.
You have claws for hands.
Your metabolism is lightning-fast.
You like to eat raw meat.
You heal very quickly.
You are covered in fur (AC +1).
You have very tough skin (AC +2).


Message History

You scratch the gnoll but do no damage. The gnoll hits you but does no damage.
You completely miss the gnoll. The gnoll hits you.
You scratch the gnoll but do no damage. The gnoll barely misses you.
The gnoll hits you from afar with a halberd!
Your skin crawls.
You feel resistant to hostile enchantments.
You feel slightly more hungry. The gnoll hits you.
You claw the gnoll!
You kill the gnoll!
Trog accepts your kill.
The gnoll hits you from afar with a halberd!
The gnoll hits you with a halberd!
* * * LOW HITPOINT WARNING * * *
You see here a gnoll corpse.
You barely miss the gnoll. The gnoll hits you with a halberd!
* * * LOW HITPOINT WARNING * * *
Drink which item? (? for menu, Esc to quit)
It was a potion of haste.
You feel yourself speed up. The gnoll hits you with a halberd!
You die...

..'.........'...'....'...........
###.........#####....#.###.###...
# #........(# ###......#.# #... #
#.........#######.#....#.# #...
###................)#....#.# #...
##.....##...........#....#.# #...
##.....##...........#....#.# #...
##.>...##...........#....#.# ###+
##......#...)...@g..##+#.#..
##......#...........# .#.###
##>.....###########.##......
........# #####....#.# #####.###
............# #.#
.#######.#..#### #.#
#.............. #.#
#.##....####### #.# #...........


You could see a gnoll.

Vanquished Creatures
  2 gnolls (D:2)
  3 adders
  An ooze (D:2)
  2 worms (D:2)
  2 giant cockroaches (D:1)
  9 goblins
  3 hobgoblins
  4 jackals (D:1)
  6 kobolds
  8 bats
  2 giant newts
  5 rats
47 creatures vanquished.

Notes
Turn   | Place    | Note
--------------------------------------------------------------
     0 | D:1      | sdOOK the Troll Berserker began the quest for the Orb.
     0 | D:1      | Reached XP level 1. HP: 22/22 MP: 0/0
   126 | D:1      | Reached XP level 2. HP: 29/29 MP: 1/1
   533 | D:1      | Reached XP level 3. HP: 25/36 MP: 2/2
   701 | D:1      | Reached ** piety under Trog
  1695 | D:2      | Reached XP level 4. HP: 41/45 MP: 3/3
  1879 | D:2      | HP: 2/45 [gnoll/halberd (10)]
  1880 | D:2      | Slain by a gnoll

Skill      XL: |  1  2  3 |
---------------+----------+-----
Fighting       | 3 |  3.2
Dodging        | 3 |  3.0
Stealth        | |  0.3
Unarmed Combat | |  3.9

Action                   |  1- 3 |  4- 6 || total
-------------------------+-------+-------++-------
Melee: Unarmed           |   117 |    12 ||   129
       Punch             |     2 |       ||     2
Invok: Berserk           |     3 |       ||     3
       Trog's Hand       |       |     1 ||     1
  Use: Scroll            |     1 |     2 ||     3
       Potion            |       |     1 ||     1
 Stab: Sleeping          |     1 |       ||     1
  Eat: Chunk             |    13 |     1 ||    14
       Bread ration      |     1 |       ||     1
Armor: Animal skin       |    46 |     2 ||    48
Dodge: Dodged            |    57 |     6 ||    63
